| TOP OF THE 1ST |
|
Elizabethton Twins batting - Pitching for Cleveland (APP) Indians : RHP Jesus Montana
|
|
Pitching: RHP Jesus Montana
|
|
|
Batting: RHB Caleb Bockmann
|
0-0: Ball 1-0: Foul Ball, location: 2F 1-1: Ball 2-1: Foul Ball, location: 2F 2-2: TRIPLE (Flyball, 89XD, EV 96.2 MPH)
|
|
Batting: LHB Marshall Daul
|
0-0: Ball 1-0: Called Strike 1-1: Foul Ball, location: 2F 1-2: Ball 2-2: Strikes out swinging
|
|
Batting: LHB Brian Wagner
|
0-0: Ball 1-0: Called Strike 1-1: 2-RUN HOME RUN (Flyball, 89XD, EV 104.4 MPH), Distance : 417 ft
|
|
Batting: RHB Steve Terrell
|
0-0: Ball 1-0: Ball 2-0: Ball 3-0: Base on Balls
|
|
Batting: LHB Hector Olvera
|
0-0: Ball 1-0: Ball 2-0: Called Strike 2-1: Foul Ball, location: 2F 2-2: Ball 3-2: SINGLE (Flyball, 9LS, EV 90.0 MPH) Steve Terrell to second Steve Terrell to third
|
|
Batting: LHB David Ramos
|
0-0: Ball 1-0: Foul Ball, location: 2F 1-1: Foul Ball, location: 2F 1-2: Foul Ball, location: 2F 1-2: Fly out, F6 (Line Drive, 6, EV 63.1 MPH)
|
|
Batting: RHB Sergio Gomez
|
0-0: Called Strike 0-1: Ball 1-1: Fly out, F9 (Flyball, 9, EV 87.5 MPH)
|
| Top of the 1st over - 2 runs, 3 hits, 0 errors, 2 left on base; Elizabethton 2 - Cleveland (APP) 0 |
| BOTTOM OF THE 1ST |
|
Cleveland (APP) Indians batting - Pitching for Elizabethton Twins : RHP Ruben Calderon
|
|
Pitching: RHP Ruben Calderon
|
|
|
Batting: RHB Leo Candelas
|
0-0: Called Strike 0-1: Ball 1-1: Foul Ball, location: 2F 1-2: Foul Ball, location: 2F 1-2: Ball 2-2: Ball 3-2: Base on Balls
|
|
Batting: RHB Tsega Haida
|
0-0: Called Strike 0-1: Ball 1-1: Called Strike Leo Candelas steals 2nd base (no throw) 1-2: Fly out, F9 (Flyball, 8RM, EV 90.6 MPH)
|
|
Batting: RHB Bill Ortiz
|
0-0: Ball 1-0: Ground out U3 (Groundball, 13, EV 86.9 MPH) Leo Candelas to third
|
|
Batting: RHB Nick Gossman
|
0-0: Ball 1-0: 2-RUN HOME RUN (Line Drive, 78XD, EV 100.0 MPH), Distance : 406 ft
|
|
Batting: RHB Luke Burnham
|
0-0: Swinging Strike 0-1: Foul Ball, location: 2F 0-2: Ground out 1-3 (Groundball, 13S, EV 67.5 MPH)
|
| Bottom of the 1st over - 2 runs, 1 hit, 0 errors, 0 left on base; Elizabethton 2 - Cleveland (APP) 2 |
| TOP OF THE 2ND |
|
Elizabethton Twins batting - Pitching for Cleveland (APP) Indians : RHP Jesus Montana
|
|
Batting: LHB Jon Ventura
|
0-0: SOLO HOME RUN (Flyball, 7LD, EV 97.5 MPH), Distance : 354 ft
|
|
Batting: RHB David McDonald
|
0-0: Called Strike 0-1: Ground out 6-3 (Groundball, 6, EV 82.5 MPH)
|
|
Batting: RHB Caleb Bockmann
|
0-0: Called Strike 0-1: Ball 1-1: Ball 2-1: Foul Ball, location: 2F 2-2: Ball 3-2: Foul Ball, location: 2F 3-2: Base on Balls
|
|
Batting: LHB Marshall Daul
|
0-0: Called Strike 0-1: Ball Caleb Bockmann steals 2nd base 1-1: Called Strike 1-2: Foul Ball, location: 2F 1-2: Ball 2-2: Foul Ball, location: 2F 2-2: Foul Ball, location: 2F 2-2: Ball 3-2: Base on Balls
|
|
Batting: LHB Brian Wagner
|
0-0: Fly out, F9 (Flyball, 89D, EV 90.6 MPH) Runner from 2nd tags up, SAFE at 3rd, no throw by RF
|
|
Batting: RHB Steve Terrell
|
0-0: Ball 1-0: Ball 2-0: DOUBLE (Line Drive, 7LS, EV 104.4 MPH) Caleb Bockmann scores Marshall Daul to third Runner from 3rd tries for Home, throw by LF and OUT! 7-6-2
|
| Top of the 2nd over - 2 runs, 2 hits, 0 errors, 1 left on base; Elizabethton 4 - Cleveland (APP) 2 |
| BOTTOM OF THE 2ND |
|
Cleveland (APP) Indians batting - Pitching for Elizabethton Twins : RHP Ruben Calderon
|
|
Batting: RHB Carlos Manriquez
|
0-0: Ball 1-0: Ground out 4-3 (Groundball, 4, EV 83.1 MPH)
|
|
Batting: RHB Aaron Stout
|
0-0: SINGLE (Flyball, 3D, EV 89.4 MPH)
|
|
Batting: RHB Jonathan Livingston
|
0-0: Ball 1-0: Called Strike 1-1: Ball 2-1: Foul Ball, location: 2F 2-2: Ball 3-2: Foul Ball, location: 2F 3-2: Foul Ball, location: 2F 3-2: Grounds into double play, 5-4-3 (Groundball, 56S, EV 85.6 MPH)
|
| Bottom of the 2nd over - 0 runs, 1 hit, 0 errors, 0 left on base; Elizabethton 4 - Cleveland (APP) 2 |
| TOP OF THE 3RD |
|
Elizabethton Twins batting - Pitching for Cleveland (APP) Indians : RHP Jesus Montana
|
|
Batting: LHB Hector Olvera
|
0-0: Foul Ball, location: 2F 0-1: Called Strike 0-2: Ball 1-2: Ball 2-2: SOLO HOME RUN (Flyball, 7D, EV 96.2 MPH), Distance : 375 ft
|
|
Batting: LHB David Ramos
|
0-0: Ball 1-0: Swinging Strike 1-1: Called Strike 1-2: SOLO HOME RUN (Flyball, 9LD, EV 97.5 MPH), Distance : 361 ft
|
|
Pitching: LHP Alberto Chavez
|
|
|
Batting: RHB Sergio Gomez
|
0-0: Ball 1-0: Foul Ball, location: 2F 1-1: Ground out 6-3 (Groundball, 6, EV 86.9 MPH)
|
|
Batting: LHB Jon Ventura
|
0-0: Ball 1-0: Ground out 4-3 (Groundball, 4S, EV 93.8 MPH)
|
|
Batting: RHB David McDonald
|
0-0: Swinging Strike 0-1: Ball 1-1: Ball 2-1: SINGLE (Groundball, 4D, EV 99.4 MPH)
|
|
Batting: RHB Caleb Bockmann
|
0-0: Ball David McDonald steals 2nd base 1-0: Ground out 6-3 (Groundball, 6, EV 88.1 MPH)
|
| Top of the 3rd over - 2 runs, 3 hits, 0 errors, 1 left on base; Elizabethton 6 - Cleveland (APP) 2 |
| BOTTOM OF THE 3RD |
|
Cleveland (APP) Indians batting - Pitching for Elizabethton Twins : RHP Ruben Calderon
|
|
Batting: LHB Santiago Chavira
|
0-0: Foul Ball, location: 2F 0-1: Ground out 4-3 (Groundball, 4D, EV 109.4 MPH)
|
|
Batting: RHB Leo Candelas
|
0-0: Foul Ball, location: 2F 0-1: Ball 1-1: Foul Ball, location: 2F 1-2: DOUBLE (Line Drive, 7LS, EV 102.5 MPH)
|
|
Batting: RHB Tsega Haida
|
0-0: Called Strike 0-1: Swinging Strike 0-2: Ball 1-2: Ball 2-2: Foul Ball, location: 2F 2-2: Foul Ball, location: 2F 2-2: Foul Ball, location: 2F 2-2: Foul Ball, location: 2F 2-2: Ball 3-2: Ground out U3 (Groundball, 34, EV 103.8 MPH) Leo Candelas to third
|
|
Batting: RHB Bill Ortiz
|
0-0: Called Strike 0-1: 2-RUN HOME RUN (Flyball, 78XD, EV 99.4 MPH), Distance : 399 ft
|
|
Batting: RHB Nick Gossman
|
0-0: Foul Ball, location: 2F 0-1: Foul Ball, location: 2F 0-2: Strikes out looking
|
| Bottom of the 3rd over - 2 runs, 2 hits, 0 errors, 0 left on base; Elizabethton 6 - Cleveland (APP) 4 |
| TOP OF THE 4TH |
|
Elizabethton Twins batting - Pitching for Cleveland (APP) Indians : LHP Alberto Chavez
|
|
Batting: LHB Marshall Daul
|
0-0: Ball 1-0: Foul Ball, location: 2F 1-1: Ball 2-1: Ball 3-1: SOLO HOME RUN (Flyball, 9D, EV 99.4 MPH), Distance : 401 ft
|
|
Batting: LHB Brian Wagner
|
0-0: Fly out, F7 (Flyball, 7S, EV 83.8 MPH)
|
|
Batting: RHB Steve Terrell
|
0-0: Ball 1-0: Ball 2-0: Ground out 4-3 (Groundball, 4, EV 86.2 MPH)
|
|
Batting: LHB Hector Olvera
|
0-0: Ball 1-0: Called Strike 1-1: Ball 2-1: Called Strike 2-2: Hit by Pitch
|
|
Batting: LHB David Ramos
|
0-0: Ball 1-0: Called Strike 1-1: Ball 2-1: Fly out, F2 (Popup, 2LF, EV 90.0 MPH)
|
| Top of the 4th over - 1 run, 1 hit, 0 errors, 1 left on base; Elizabethton 7 - Cleveland (APP) 4 |
| BOTTOM OF THE 4TH |
|
Cleveland (APP) Indians batting - Pitching for Elizabethton Twins : RHP Ruben Calderon
|
|
Batting: RHB Luke Burnham
|
0-0: Ball 1-0: Ball 2-0: Called Strike 2-1: Swinging Strike 2-2: Ground out 4-3 (Groundball, 34D, EV 89.4 MPH)
|
|
Pitching: LHP Mike Horton
|
|
|
Batting: RHB Carlos Manriquez
|
0-0: Swinging Strike 0-1: Ball 1-1: Ball 2-1: Ball 3-1: Foul Ball, location: 2F 3-2: Foul Ball, location: 2F 3-2: Base on Balls
|
|
Batting: RHB Aaron Stout
|
0-0: Called Strike 0-1: Ball 1-1: Foul Ball, location: 2F 1-2: Ball 2-2: Foul Ball, location: 2F 2-2: 2-RUN HOME RUN (Flyball, 78XD, EV 105.6 MPH), Distance : 405 ft
|
|
Batting: RHB Jonathan Livingston
|
0-0: Called Strike 0-1: Foul Ball, location: 2F 0-2: Ground out 1-3 (Groundball, 13S, EV 67.5 MPH)
|
|
Batting: LHB Santiago Chavira
|
0-0: Ball 1-0: Ball 2-0: Ball 3-0: Base on Balls
|
|
Pitching: RHP Takeshi Kusanagi
|
|
|
Batting: RHB Leo Candelas
|
0-0: Ball Santiago Chavira steals 2nd base (no throw) 1-0: Called Strike 1-1: Swinging Strike 1-2: Strikes out looking
|
| Bottom of the 4th over - 2 runs, 1 hit, 0 errors, 1 left on base; Elizabethton 7 - Cleveland (APP) 6 |
| TOP OF THE 5TH |
|
Elizabethton Twins batting - Pitching for Cleveland (APP) Indians : LHP Alberto Chavez
|
|
Batting: RHB Sergio Gomez
|
0-0: Fly out, F9 (Flyball, 9LM, EV 92.5 MPH)
|
|
Batting: LHB Jon Ventura
|
0-0: Ball 1-0: Ball 2-0: Called Strike 2-1: Foul Ball, location: 2F 2-2: Ball 3-2: Base on Balls
|
|
Batting: RHB David McDonald
|
0-0: Called Strike Jon Ventura steals 2nd, throwing error, E2 Jon Ventura to third 0-1: Ball 1-1: Ball 2-1: SINGLE (Groundball, 56D, EV 99.4 MPH) Jon Ventura scores
|
|
Batting: RHB Caleb Bockmann
|
0-0: Ball 1-0: Ball 2-0: Ball 3-0: Base on Balls David McDonald to second
|
|
Batting: LHB Marshall Daul
|
0-0: Called Strike 0-1: Ball 1-1: 3-RUN HOME RUN (Flyball, 89XD, EV 115.0 MPH), Distance : 431 ft
|
|
Batting: LHB Brian Wagner
|
0-0: Ball 1-0: Ball 2-0: Foul Ball, location: 2F 2-1: Ball 3-1: Foul Ball, location: 2F 3-2: Strikes out swinging
|
|
Batting: RHB Steve Terrell
|
0-0: SOLO HOME RUN (Flyball, 7D, EV 97.5 MPH), Distance : 378 ft
|
|
Batting: LHB Hector Olvera
|
0-0: Ball 1-0: Ball 2-0: Called Strike 2-1: Foul Ball, location: 2F 2-2: Strikes out swinging
|
| Top of the 5th over - 5 runs, 3 hits, 1 error, 0 left on base; Elizabethton 12 - Cleveland (APP) 6 |
| BOTTOM OF THE 5TH |
|
Cleveland (APP) Indians batting - Pitching for Elizabethton Twins : RHP Takeshi Kusanagi
|
|
Batting: RHB Tsega Haida
|
0-0: Called Strike 0-1: Ball 1-1: Foul Ball, location: 2F 1-2: Ball 2-2: Ball 3-2: Base on Balls
|
|
Batting: RHB Bill Ortiz
|
0-0: Ball Tsega Haida is caught stealing 2nd base 2-4 1-0: Ball 2-0: Ball 3-0: Called Strike 3-1: Base on Balls
|
|
Batting: RHB Nick Gossman
|
0-0: Ball 1-0: Called Strike 1-1: DOUBLE (Groundball, 5L, EV 110.0 MPH) Bill Ortiz to third
|
|
Pitching: RHP Miguel Montelongo
|
|
|
Batting: RHB Luke Burnham
|
0-0: Ball 1-0: Swinging Strike Passed Ball! Bill Ortiz scores Nick Gossman to third 1-1: Fly out, F2 (Popup, 2R, EV 96.2 MPH)
|
|
Batting: RHB Carlos Manriquez
|
0-0: Ground out U3 (Groundball, 34, EV 85.6 MPH)
|
| Bottom of the 5th over - 1 run, 1 hit, 0 errors, 1 left on base; Elizabethton 12 - Cleveland (APP) 7 |
| TOP OF THE 6TH |
|
Elizabethton Twins batting - Pitching for Cleveland (APP) Indians : LHP Alberto Chavez
|
|
Batting: LHB David Ramos
|
0-0: Ball 1-0: Called Strike 1-1: Foul Ball, location: 2F 1-2: Ball 2-2: Fly out, F7 (Flyball, 78D, EV 105.0 MPH)
|
|
Pitching: RHP John Clark
|
|
|
Batting: RHB Sergio Gomez
|
0-0: Ball 1-0: Fly out, F8 (Flyball, 78D, EV 98.8 MPH)
|
|
Batting: LHB Jon Ventura
|
0-0: Ball 1-0: Foul Ball, location: 2F 1-1: Foul Ball, location: 2F 1-2: Foul Ball, location: 2F 1-2: Ball 2-2: Ball 3-2: Base on Balls
|
|
Batting: RHB David McDonald
|
0-0: Called Strike Jon Ventura steals 2nd base (no throw) 0-1: Ball 1-1: Fly out, F9 (Flyball, 89M, EV 86.9 MPH)
|
| Top of the 6th over - 0 runs, 0 hits, 0 errors, 1 left on base; Elizabethton 12 - Cleveland (APP) 7 |
| BOTTOM OF THE 6TH |
|
Cleveland (APP) Indians batting - Pitching for Elizabethton Twins : RHP Miguel Montelongo
|
|
Batting: RHB Aaron Stout
|
0-0: Called Strike 0-1: SINGLE (Line Drive, 78S, EV 101.9 MPH)
|
|
Batting: RHB Jonathan Livingston
|
0-0: Called Strike 0-1: Ball Aaron Stout is caught stealing 2nd base 2-4 1-1: Ball 2-1: Called Strike 2-2: Ground out 4-3 (Groundball, 4M, EV 81.2 MPH)
|
|
Batting: LHB Santiago Chavira
|
0-0: Called Strike 0-1: Ball 1-1: Swinging Strike 1-2: SOLO HOME RUN (Flyball, 9LD, EV 92.5 MPH), Distance : 352 ft
|
|
Batting: RHB Leo Candelas
|
0-0: Ball 1-0: Foul Ball, location: 2F 1-1: Swinging Strike 1-2: Strikes out looking
|
| Bottom of the 6th over - 1 run, 2 hits, 0 errors, 0 left on base; Elizabethton 12 - Cleveland (APP) 8 |
| TOP OF THE 7TH |
|
Elizabethton Twins batting - Pitching for Cleveland (APP) Indians : RHP John Clark
|
|
Batting: RHB Caleb Bockmann
|
0-0: Ball 1-0: Ball 2-0: Swinging Strike 2-1: Ball 3-1: SINGLE (Groundball, 6MD, EV 101.2 MPH)
|
|
Batting: LHB Marshall Daul
|
0-0: Called Strike 0-1: Called Strike Caleb Bockmann steals 2nd, throwing error, E2 Caleb Bockmann to third 0-2: Ground out 4-3 (Groundball, 4, EV 89.4 MPH)
|
|
Batting: LHB Brian Wagner
|
0-0: Intentional Walk
|
|
Batting: RHB Steve Terrell
|
0-0: Foul Ball, location: 2F 0-1: Foul Ball, location: 2F 0-2: Grounds into double play, 6-4-3 (Groundball, 6M, EV 100.0 MPH)
|
| Top of the 7th over - 0 runs, 1 hit, 1 error, 1 left on base; Elizabethton 12 - Cleveland (APP) 8 |
| BOTTOM OF THE 7TH |
|
Cleveland (APP) Indians batting - Pitching for Elizabethton Twins : RHP Miguel Montelongo
|
|
Pitching: LHP Bryan Rouse
|
|
|
Batting: RHB Tsega Haida
|
0-0: Ball 1-0: Called Strike 1-1: Ball 2-1: Ball 3-1: Called Strike 3-2: Base on Balls
|
|
Batting: RHB Bill Ortiz
|
0-0: Ball 1-0: Called Strike 1-1: Called Strike 1-2: Ball 2-2: Foul Ball, location: 2F 2-2: Fly out, F7 (Flyball, 7LSF, EV 88.8 MPH)
|
|
Batting: RHB Nick Gossman
|
0-0: Foul Ball, location: 2F 0-1: Called Strike 0-2: Ball 1-2: Foul Ball, location: 2F 1-2: Foul Ball, location: 2F 1-2: Foul Ball, location: 2F 1-2: DOUBLE (Groundball, 3L, EV 108.8 MPH) Tsega Haida to third Runner from 3rd tries for Home, SAFE, no throw by RF
|
|
Pitching: RHP Brian Waldrip
|
|
|
Batting: RHB Luke Burnham
|
0-0: Ground out 6-3 (Groundball, 6, EV 80.6 MPH)
|
|
Batting: RHB Carlos Manriquez
|
0-0: Ball 1-0: Foul Ball, location: 2F 1-1: Foul Ball, location: 2F 1-2: Foul Ball, location: 2F 1-2: Ground out 5-3 (Groundball, 56S, EV 61.2 MPH)
|
| Bottom of the 7th over - 1 run, 1 hit, 0 errors, 1 left on base; Elizabethton 12 - Cleveland (APP) 9 |
| TOP OF THE 8TH |
|
Elizabethton Twins batting - Pitching for Cleveland (APP) Indians : RHP John Clark
|
|
Batting: LHB Hector Olvera
|
0-0: Ball 1-0: Foul Ball, location: 2F 1-1: Ball 2-1: SOLO HOME RUN (Flyball, 9D, EV 111.9 MPH), Distance : 422 ft
|
|
Batting: LHB David Ramos
|
0-0: Ball 1-0: Called Strike 1-1: SINGLE (Line Drive, 8LS, EV 111.2 MPH)
|
|
Batting: RHB Sergio Gomez
|
0-0: Called Strike 0-1: Ball Wild Pitch! David Ramos to second 1-1: Intentional Walk
|
|
Batting: LHB Jon Ventura
|
0-0: Sac Bunt to P - play at first, batter OUT! 1-3 David Ramos to third Sergio Gomez to second
|
|
Batting: RHB David McDonald
|
0-0: Called Strike 0-1: Ball 1-1: Foul Ball, location: 2F 1-2: SINGLE (Groundball, 6, EV 85.0 MPH) (infield hit) David Ramos scores Sergio Gomez to third
|
|
Batting: RHB Caleb Bockmann
|
0-0: TRIPLE (Flyball, 78XD, EV 101.2 MPH) Sergio Gomez scores David McDonald scores
|
|
Batting: LHB Marshall Daul
|
0-0: Foul Ball, location: 2F 0-1: Called Strike 0-2: Ball 1-2: Ball 2-2: Ball 3-2: Base on Balls
|
|
Batting: LHB Brian Wagner
|
0-0: Called Strike 0-1: Ball Marshall Daul steals 2nd base 1-1: Foul Ball, location: 2F 1-2: Fly out, F9 (Flyball, 89S, EV 82.5 MPH)
|
|
Batting: RHB Steve Terrell
|
0-0: Called Strike 0-1: Ball Balk! Caleb Bockmann scores Marshall Daul to third 1-1: Swinging Strike 1-2: Ball 2-2: Ball 3-2: Base on Balls
|
|
Batting: LHB Hector Olvera
|
0-0: Fielders Choice at 2nd, 5-4 (Groundball, 6, EV 86.9 MPH)
|
| Top of the 8th over - 5 runs, 4 hits, 0 errors, 2 left on base; Elizabethton 17 - Cleveland (APP) 9 |
| BOTTOM OF THE 8TH |
|
Cleveland (APP) Indians batting - Pitching for Elizabethton Twins : RHP Brian Waldrip
|
|
Pinch Hitting: RHB Joe Shade
|
0-0: Ball 1-0: Ball 2-0: Foul Ball, location: 2F 2-1: Fly out, F7 (Flyball, 7LS, EV 98.8 MPH)
|
|
Batting: RHB Jonathan Livingston
|
0-0: Called Strike 0-1: Ball 1-1: SOLO HOME RUN (Flyball, 7D, EV 94.4 MPH), Distance : 362 ft
|
|
Batting: LHB Santiago Chavira
|
0-0: Ball 1-0: Ball 2-0: SOLO HOME RUN (Flyball, 9LD, EV 92.5 MPH), Distance : 340 ft
|
|
Batting: RHB Leo Candelas
|
0-0: Foul Ball, location: 2F 0-1: Called Strike 0-2: Ball 1-2: Ball 2-2: Strikes out swinging, 2-3 out at first.
|
|
Pitching: LHP Mark Challinor
|
|
|
Batting: RHB Tsega Haida
|
0-0: Called Strike 0-1: Swinging Strike 0-2: Ball 1-2: SINGLE (Line Drive, 5D, EV 106.9 MPH)
|
|
Batting: RHB Bill Ortiz
|
0-0: Ball 1-0: Ball 2-0: Ball 3-0: Called Strike 3-1: Swinging Strike 3-2: Base on Balls Tsega Haida to second
|
|
Batting: RHB Nick Gossman
|
0-0: Ball 1-0: Ball 2-0: Ball Wild Pitch! Tsega Haida to third Bill Ortiz to second 3-0: Called Strike 3-1: Called Strike 3-2: Base on Balls
|
|
Batting: RHB Luke Burnham
|
0-0: Swinging Strike 0-1: Foul Ball, location: 2F 0-2: Ball 1-2: Strikes out swinging
|
| Bottom of the 8th over - 2 runs, 3 hits, 0 errors, 3 left on base; Elizabethton 17 - Cleveland (APP) 11 |
| TOP OF THE 9TH |
|
Elizabethton Twins batting - Pitching for Cleveland (APP) Indians : RHP John Clark
|
|
Now in RF: Joe Shade
|
|
|
Batting: LHB David Ramos
|
0-0: Ball 1-0: Ball 2-0: Foul Ball, location: 2F 2-1: SOLO HOME RUN (Line Drive, 9D, EV 103.1 MPH), Distance : 395 ft
|
|
Pinch Hitting: RHB Kenny Reynolds
|
0-0: Ball 1-0: Ball 2-0: Foul Ball, location: 2F 2-1: Foul Ball, location: 2F 2-2: Foul Ball, location: 2F 2-2: Ball 3-2: Foul Ball, location: 2F 3-2: Base on Balls
|
|
Pitching: RHP Michael Powell
|
|
|
Batting: LHB Jon Ventura
|
0-0: Called Strike 0-1: Foul Ball, location: 2F 0-2: Ball 1-2: Foul Ball, location: 2F 1-2: Fly out, F9 (Flyball, 9D, EV 93.1 MPH)
|
|
Batting: RHB David McDonald
|
0-0: Fielders Choice at 2nd, 6-4 (Groundball, 6M, EV 106.9 MPH)
|
|
Batting: RHB Caleb Bockmann
|
0-0: Called Strike David McDonald steals 2nd base 0-1: Foul Ball, location: 2F 0-2: Foul Ball, location: 2F 0-2: Ball 1-2: Ball 2-2: Ball 3-2: Base on Balls
|
|
Batting: LHB Marshall Daul
|
0-0: Ball 1-0: Ball 2-0: Ball 3-0: Called Strike 3-1: Base on Balls David McDonald to third Caleb Bockmann to second
|
|
Pinch Hitting: RHB Wil Patterson
|
0-0: Called Strike 0-1: Foul Ball, location: 2F 0-2: Ground out U3 (Groundball, 3S, EV 86.9 MPH)
|
| Top of the 9th over - 1 run, 1 hit, 0 errors, 3 left on base; Elizabethton 18 - Cleveland (APP) 11 |
| BOTTOM OF THE 9TH |
|
Cleveland (APP) Indians batting - Pitching for Elizabethton Twins : LHP Mark Challinor
|
|
Now at C: Wil Patterson
|
|
|
Now at SS: Kenny Reynolds
|
|
|
Batting: RHB Carlos Manriquez
|
0-0: Ball 1-0: Ball 2-0: Called Strike 2-1: SINGLE (Line Drive, 3L, EV 98.1 MPH)
|
|
Batting: RHB Joe Shade
|
0-0: 2-RUN HOME RUN (Flyball, 7D, EV 97.5 MPH), Distance : 375 ft
|
|
Batting: RHB Jonathan Livingston
|
0-0: Swinging Strike 0-1: Ball 1-1: DOUBLE (Flyball, 9LD, EV 90.0 MPH)
|
|
Batting: LHB Santiago Chavira
|
0-0: Called Strike 0-1: Ball 1-1: Ball 2-1: Ball 3-1: Base on Balls
|
|
Batting: RHB Leo Candelas
|
0-0: DOUBLE (Line Drive, 89D, EV 109.4 MPH) Jonathan Livingston scores Santiago Chavira to third
|
|
Batting: RHB Tsega Haida
|
0-0: Ball 1-0: Ball 2-0: Ball 3-0: Base on Balls
|
|
Batting: RHB Bill Ortiz
|
0-0: Ball 1-0: Called Strike 1-1: Grounds into fielders choice 1-2 (Groundball, 25, EV 68.8 MPH) Leo Candelas to third Tsega Haida to second
|
|
Batting: RHB Nick Gossman
|
0-0: Called Strike 0-1: Ball 1-1: SINGLE (Line Drive, 56, EV 94.4 MPH) Leo Candelas scores Tsega Haida to third Bill Ortiz to second
|
|
Batting: RHB Luke Burnham
|
0-0: Ball 1-0: Ball 2-0: Ball 3-0: Called Strike 3-1: Base on Balls Tsega Haida scores Bill Ortiz to third Nick Gossman to second
|
|
Batting: RHB Carlos Manriquez
|
0-0: Called Strike 0-1: Grounds into double play, 3-6-3 (Groundball, 34, EV 96.2 MPH)
|
| Bottom of the 9th over - 5 runs, 5 hits, 0 errors, 2 left on base; Elizabethton 18 - Cleveland (APP) 16 |
|